 Dungeon Crawl Stone Soup version bcrawl-1.19.2-6-g6a88ae04c9 (webtiles) character file.

Game seed: 17659760781076952873

151 MisterOstroum the Charmwright (level 5, -1/60 HPs)
             Began as a Demonspawn Skald on Jan 12, 2020.
             Slain by Sigmund
             ... wielding a +1 scythe of venom
              (2 damage)
             ... on level 2 of the Dungeon.
             The game lasted 00:05:07 (2076 turns).

MisterOstroum the Charmwright (Demonspawn Skald)    Turns: 2076, Time: 00:05:08

Health: -1/60      AC: 22    Str: 12    XL:     5   Next: 11%
Magic:  4/8        EV:  2    Int: 14    God:
Gold:   44         SH:  0    Dex: 13    Spells: 3/9 levels left

rFire    + . .     SeeInvis .   a - +0 spear
rCold    + . .     Gourm    .   (no shield)
rNeg     + + +     Faith    .   (armour currently unavailable)
rPois    +         Spirit   .   (helmet currently unavailable)
rElec    +         Reflect  .   (cloak currently unavailable)
rCorr    +         Harm     .   (gloves currently unavailable)
MR       .....     NoTele   +   (boots currently unavailable)
Stlth    ++........             (no amulet)
HPRegen  0.20/turn              (no ring)
MPRegen  0.11/turn              (no ring)

@: confused, lethally poisoned (-1 -> -2), tree-form, resistant, very slightly
contaminated, invisible
A: nightstalker 1
a: no special abilities


You were on level 2 of the Dungeon.
You were not hungry.
You were a tree.
You visited 1 branch of the dungeon, and saw 2 of its levels.

You collected 44 gold pieces.

Inventory:

Hand Weapons
 a - a +0 spear (weapon)
Missiles
 c - 377 stones (quivered)
 j - a throwing net {!f!f}
Armour
 b - a +0 leather armour (melded)
 p - a +0 helmet (melded)
Jewellery
 k - an uncursed ring of fire
Scrolls
 d - a scroll of fear {!r}
 h - 2 scrolls of remove curse
 i - a scroll of identify {unknown}
 m - a scroll of teleportation {@r3 !r}
 r - a scroll of enchant weapon {unknown}
 u - a scroll of amnesia {unknown}
Potions
 g - a potion of resistance
 o - a potion of invisibility
 s - a potion of might {unknown}
 t - a potion of flight {unknown}
Comestibles
 e - 2 rations {!d}
 n - 6 chunks of flesh


   Skills:
 * Level 2.8 Fighting
 * Level 2.4 Polearms
 + Level 1.4 Armour
 + Level 2.2 Dodging
 + Level 2.6 Spellcasting
 * Level 1.2 Hexes
 * Level 3.3 Charms


You had 3 spell levels left.
You knew the following spells:

 Your Spells              Type           Power        Failure   Level  Hunger
a - Infusion              Chrm           ##......     5%          1    #......
b - Song of Slaying       Chrm           ##......     9%          2    ###....
c - Spectral Weapon       Hex/Chrm       #.......     26%         3    ###....

Your spell library contained the following spells:

 Spells                   Type           Power        Failure   Level  Hunger
 Ozocubu's Armour         Chrm/Ice       #.......     32%         3    ###....
 Regeneration             Chrm/Necr      #.........   32%         3    ###....


Dungeon Overview and Level Annotations

Branches:
Dungeon (2/12)

Altars:
Hepliaklqana
Qazlal
Yredelemnul

Annotations:
D:2 Sigmund


Innate Abilities, Weirdness & Mutations

((You have hoof-like feet.))
((You are partially covered in large bone plates. (SH +4)))
You are slightly more attuned to the shadows.


Message History

Aim: Sigmund, wielding a +1 scythe of venom and wearing a +2 robe of fire resistance Jessica is in the way.
You hit Jessica.
Jessica is moderately wounded.
Your spectral weapon hits Jessica from afar.
Jessica barely misses you. Sigmund misses you.
Attack whom?
Press: ? - help, Dir - move target cursor, f/p - Sigmund
Aim: Sigmund, wielding a +1 scythe of venom and wearing a +2 robe of fire resistance You reach to attack!
You hit Sigmund.
Sigmund is lightly wounded.
Jessica misses you.
Attack whom?
Press: ? - help, Dir - move target cursor, f/p - Sigmund
Aim: Sigmund, wielding a +1 scythe of venom and wearing a +2 robe of fire resistance (lightly wounded) Jessica is in the way.
You closely miss Jessica. Your kick misses Jessica.
Jessica is heavily wounded.
Your spectral weapon closely misses Jessica.
Jessica hits you.
Sigmund casts a spell.
Sigmund flickers and vanishes!
Deactivating autopickup; reactivate with Ctrl-A.
Attack whom?
Press: ? - help, Dir - move target cursor, f - Jessica
Aim: Jessica, wearing a +0 robe (heavily wounded)
You closely miss Jessica.
Jessica is heavily wounded.
Your spectral weapon closely misses Jessica.
Jessica hits you. Something hits you!
You are lethally poisoned!
You hit Jessica but do no damage.
Jessica is heavily wounded.
You feel sick.
Your spectral weapon hits Jessica from afar.
Jessica barely misses you.
You feel sick.
Your spectral weapon shares its damage with you!
You feel your bond with your spectral weapon wane.
* * * LOW HITPOINT WARNING * * *
Jessica mumbles some strange words.
Jessica blinks!
* * * LOW HITPOINT WARNING * * *
You feel sick.
Really quaff
q - a potion of curing {@q1 !q}?
You feel better.
It was a potion of invisibility.
You fade into invisibility!
Something hits you.
You are poisoned.
You are very lightly contaminated with residual magic.
It was a potion of resistance.
You feel protected.
You feel sick.
Attack whom?
Press: ? - help, Dir - move target cursor You reach to attack!
You barely miss something.
You feel sick. Something hits you!
* * * LOW HITPOINT WARNING * * *
Okay, then.
It was a potion of heal wounds.
You feel much better.
You feel sick. Something hits you.
Attack whom?
Press: ? - help, Dir - move target cursor, f - Jessica
Aim: Jessica, wearing a +0 robe (almost dead)
Something you can't see is in the way.
You hit something.
You feel sick. Something hits you!
You hit Jessica.
You kill Jessica!
You have reached level 5!
Your demonic ancestry asserts itself...
Your feet thicken and deform.
Your song is almost over.
You hear some strange, mumbled words.
A puff of flame appears from out of thin air!
The puff of flame hits you! You resist.
You hit something. You kick something.
You feel sick. Something barely misses you.
Unknown command.
You miss something. You kick something. You miss something.
Your kick misses something.
You hear some strange, mumbled words.
Something tries to affect you, but you resist.
You miss something. Your kick misses something.
You feel sick.
You hear some strange, mumbled words.
You are confused.
You bump into the rock wall.
Something hits you!
* * * LOW HITPOINT WARNING * * *
You closely miss something.
Your song has ended.
Something hits you!
* * * LOW HITPOINT WARNING * * *
It was a potion of lignification.
You turn into a tree.
Your +0 helmet melds into your body.
Your +0 leather armour melds into your body.
Your roots penetrate the ground.
* * * LOW HITPOINT WARNING * * *
You feel sick.
Unknown command.
You cannot move. (Use ctrl+direction or * direction to attack without moving.)
You cannot move. (Use ctrl+direction or * direction to attack without moving.) Unknown command.
You swing at nothing.
Something hits you.
You die...

#### ###### ..# #######....#
## ... #..........#
#...###{# #..........#
#.....†§# +..÷.......#
###.#####.# #..........#
#......♣{.# #<..........
#.##....[## #.##########
...##........# #...# #
.......#.....# ###.# #
.......#.....# #.# #
#......'.....# #.#
#......#.....######)########
#......#....................
#........>..................


There were no monsters in sight!

Vanquished Creatures
  Jessica (D:2)
  Terence (D:2)
  Robin (D:2)
  2 oozes (D:1)
  3 worms (D:2)
  2 leopard geckos (D:1)
  A ball python (D:1)
  6 bats
  12 goblins
  10 hobgoblins
  10 jackals (D:1)
  2 quokkas (D:2)
  5 frilled lizards
  6 kobolds
  2 rats
64 creatures vanquished.

Vanquished Creatures (others)
  A spectral weapon (D:2)
1 creature vanquished.

Grand Total: 65 creatures vanquished

Notes
Turn   | Place    | Note
-------+----------+-------------------------------------------
     0 | D:1      | MisterOstroum the Demonspawn Skald began the quest for the
                  | Orb.
     0 | D:1      | Reached XP level 1. HP: 16/16 MP: 3/3
   136 | D:1      | Reached skill level 1 in Armour
   138 | D:1      | Gained mutation: You are partially covered in large bone
                  | plates. (SH +4) [demonic ancestry]
   138 | D:1      | Reached XP level 2. HP: 12/22 MP: 0/5
   302 | D:1      | Reached skill level 3 in Charms
   306 | D:1      | Learned a level 2 spell: Song of Slaying
   520 | D:1      | Gained mutation: You are slightly more attuned to the
                  | shadows. [demonic ancestry]
   520 | D:1      | Reached XP level 3. HP: 27/27 MP: 3/6
   595 | D:1      | Learned a level 3 spell: Spectral Weapon
  1146 | D:2      | Noticed Terence
  1233 | D:2      | Noticed Robin
  1361 | D:2      | Gained mutation: You have large cloven feet. [demonic
                  | ancestry]
  1361 | D:2      | Reached XP level 4. HP: 24/34 MP: 2/7
  1381 | D:2      | Killed Robin
  1498 | D:2      | Found a basalt altar of Yredelemnul.
  1501 | D:2      | Found a stormy altar of Qazlal.
  1607 | D:2      | Killed Terence
  1773 | D:2      | Reached skill level 1 in Hexes
  1815 | D:2      | Found a hazy altar of Hepliaklqana.
  2020 | D:2      | Noticed Jessica
  2048 | D:2      | Noticed Sigmund
  2068 | D:2      | Killed Jessica
  2068 | D:2      | Gained mutation: You have hoof-like feet. [demonic
                  | ancestry]
  2068 | D:2      | Reached XP level 5. HP: 18/40 MP: 3/8
  2074 | D:2      | HP: 1/40 [something (8)]
  2076 | D:2      | Slain by Sigmund

Skill      XL: |  1  2  3  4 |
---------------+-------------+-----
Armour         | 1 |  1.4
Charms         | 3 |  3.3
Dodging        | 2 |  2.2
Polearms       | 2 |  2.4
Hexes          | 1 |  1.2
Fighting       | |  2.8
Spellcasting   | |  2.6

Action                   |  1- 3 |  4- 6 || total
-------------------------+-------+-------++-------
Melee: Spear             |   188 |    79 ||   267
       Kick              |       |    14 ||    14
 Cast: Infusion          |    10 |     1 ||    11
       Song of Slaying   |     6 |     3 ||     9
       Spectral Weapon   |     1 |     2 ||     3
  Use: Potion            |       |     5 ||     5
       Scroll            |       |     2 ||     2
 Stab: Sleeping          |     1 |     2 ||     3
  Eat: Chunk             |     2 |     4 ||     6
Armor: Leather armour    |    40 |     6 ||    46
Dodge: Dodged            |   116 |    23 ||   139
Block: Other             |    21 |     3 ||    24
